 Dungeon Crawl Stone Soup version 0.29.0-4-gdea44cf6ec (webtiles) character file.

Game seed: 7138980027621085047

81 qw the Ruffian (level 4, 0/35 HPs)
             Began as a Ghoul Fire Elementalist on Aug 29, 2022.
             Slain by a black bear (8 damage)
             ... on level 3 of the Dungeon.
             The game lasted 00:02:22 (2782 turns).

qw the Ruffian (Ghoul Fire Elementalist)            Turns: 2782, Time: 00:02:22

Health: 0/35       AC: 10    Str: 13    XL:     4   Next: 42%
Magic:  5/5        EV:  3    Int: 10    God:
Gold:   82         SH:  0    Dex: 15    Spells: 5/6 levels left

rFire   . . .      SeeInvis .     - Unarmed
rCold   + . .      Faith    .   (no shield)
rNeg    + + +      Spirit   .   i - +0 plate armour
rPois   inf        Reflect  .   (no helmet)
rElec   .          Harm     .   (no cloak)
rCorr   .          Rampage  .   (no gloves)
Will    .....                   (no boots)
Stlth   ..........              (no amulet)
HPRegen 0.00/turn               d - +6 ring of dexterity
MPRegen 0.09/turn               (no ring)

@: inhibited regen
A: claws 1, cold resistance 1, negative energy resistance 3, inhibited
regeneration, torment resistance 2, devour on kill
a: no special abilities


You were on level 3 of the Dungeon.
You visited 1 branch of the dungeon, and saw 3 of its levels.

You collected 82 gold pieces.


Innate Abilities, Weirdness & Mutations

You are immune to poison.
You have sharp fingernails.
Your flesh is cold resistant. (rC+)
You are immune to negative energy. (rN+++)
You do not regenerate when monsters are visible.
You are immune to unholy pain and torment.
You thrive by killing the living.


   Skills:
 - Level 1.0 Fighting
 - Level 1.0 Armour
 - Level 1.7 Dodging
 - Level 2.1 Stealth
 + Level 3.7 Unarmed Combat
 - Level 1.7 Spellcasting
 - Level 0.7 Conjurations
 - Level 2.4 Fire Magic


You had 5 spell levels left.
You knew the following spells:

 Your Spells              Type           Power      Damage    Failure   Level
a - Foxfire               Conj/Fire      16%        2x1d4     100%        1

Your spell library contained the following spells:

 Spells                   Type           Power      Damage    Failure   Level
 Scorch                   Fire           10%        2d5       100%        2
 Conjure Flame            Conj/Fire      4%         6-21      100%        3
 Inner Flame              Hex/Fire       3%         N/A       100%        3
 Flame Wave               Conj/Fire      4%         2d5       100%        4

Inventory:

Armour
 i - a +0 plate armour (worn)
Jewellery
 d - a +6 ring of dexterity (left claw)
Scrolls
 f - a scroll of identify
Potions
 e - a potion of curing
 k - a potion of degeneration {unknown}
 l - a potion of attraction {unknown}

Dungeon Overview and Level Annotations

Branches:
Dungeon (3/15)

Altars:

Annotations:
D:3 1 runed translucent door, qw's ghost, amateur TeWr


Message History

You claw the adder!
You kill the adder!
There is an open door, spattered with blood here.
A rat and a black bear come into view.
The black bear growls angrily.
You scratch the rat.
You kill the rat!
You scratch the black bear.
The black bear is moderately wounded.
The black bear bites you but does no damage.
The black bear claws you but does no damage. x2
You scratch the black bear.
The black bear is heavily wounded.
The black bear bites you.
The black bear claws you but does no damage. x2
You scratch the black bear.
The black bear is heavily wounded.
The black bear bites you. The black bear barely misses you. x2
You scratch the black bear.
The black bear is heavily wounded.
The black bear bites you but does no damage.
The black bear claws you but does no damage.
The black bear claws you.
You scratch the black bear.
The black bear is severely wounded.
The black bear goes berserk!
You scratch the black bear but do no damage.
The black bear is severely wounded.
The black bear bites you.
The black bear claws you but does no damage. x2
You scratch the black bear but do no damage.
The black bear is severely wounded.
The black bear bites you. The black bear claws you.
The black bear claws you but does no damage.
You claw the black bear!
The black bear is almost dead.
The black bear bites you!
The black bear claws you but does no damage. x2
The black bear bites you!
You die...

#..##....#
##.......#
###.....#
########....#
#...........#
#.#####[....#
#.##'##
#.##.# #.##@#
#.##.h......
#...$>######
#######


You could see a black bear (berserk).

Vanquished Creatures
  3 adders
  4 orcs (D:3)
  5 ball pythons
  3 bats
  7 endoplasms
  2 giant cockroaches
  3 hobgoblins
  2 quokkas (D:1)
  3 frilled lizards
  5 goblins
  7 kobolds
  5 rats
49 creatures vanquished.

Vanquished Creatures (others)
  5 toadstools (D:1)
5 creatures vanquished.

Grand Total: 54 creatures vanquished

Notes
Turn   | Place    | Note
-------+----------+-------------------------------------------
     0 | D:1      | qw the Ghoul Fire Elementalist began the quest for the Orb.
     0 | D:1      | Reached XP level 1. HP: 14/14 MP: 2/2
     0 | D:1      | 0 ||| qw: Version: 0.1-a-90-g952f4b7
     0 | D:1      | 0 ||| qw: Game counter: 4214
     0 | D:1      | 0 ||| qw: Always use a shield: true
     0 | D:1      | 0 ||| qw: God list: Okawaru
     0 | D:1      | 0 ||| qw: Allow faded altars: false
     0 | D:1      | 0 ||| qw: Do Orc after D:15 true
     0 | D:1      | 0 ||| qw: Do second Lair branch before Depths: true
     0 | D:1      | 0 ||| qw: Lair rune preference: random
     0 | D:1      | 0 ||| qw: Plans: Normal
     0 | D:1      | 0 ||| PLANNING D:1-11
   181 | D:1      | 181 ||| Stepping ~*~*~tactically~*~*~ (stealth).
   183 | D:1      | 183 ||| Stepping ~*~*~tactically~*~*~ (stealth).
   196 | D:1      | Reached skill level 1 in Unarmed Combat
   337 | D:1      | Reached XP level 2. HP: 15/22 MP: 3/3
   441 | D:1      | Reached skill level 1 in Fighting
   520 | D:1      | 520 ||| Stepping ~*~*~tactically~*~*~ (outnumbered).
   521 | D:1      | 521 ||| Stepping ~*~*~tactically~*~*~ (outnumbered).
   671 | D:1      | Reached skill level 2 in Unarmed Combat
   870 | D:1      | Reached XP level 3. HP: 28/28 MP: 4/4
  1157 | D:1      | 1157 ||| UPGRADING to +6 ring of dexterity.
  1158 | D:1      | 1158 ||| READING scroll labelled CUAF WOMEWODD.
  1159 | D:1      | 1159 ||| READING scroll labelled ASI MAUGINU.
  1160 | D:1      | 1160 ||| READING scroll labelled DUHOS FULO.
  1161 | D:1      | 1161 ||| DROPPING potion of magic.
  1401 | D:2      | 1401 ||| FLEEEEING.
  1404 | D:2      | 1404 ||| FLEEEEING.
  1405 | D:2      | 1405 ||| FLEEEEING.
  1406 | D:2      | 1406 ||| FLEEEEING.
  1407 | D:2      | 1407 ||| FLEEEEING.
  1408 | D:2      | 1408 ||| FLEEEEING.
  1409 | D:2      | 1409 ||| FLEEEEING.
  1410 | D:2      | 1410 ||| FLEEEEING.
  1411 | D:2      | 1411 ||| FLEEEEING.
  1699 | D:2      | Found a faded altar of an unknown god.
  1760 | D:2      | Reached skill level 3 in Unarmed Combat
  2032 | D:2      | 2032 ||| UPGRADING to +0 chain mail.
  2042 | D:2      | 2042 ||| DROPPING +0 robe.
  2043 | D:2      | 2043 ||| UPGRADING to +0 plate armour.
  2053 | D:2      | 2053 ||| DROPPING +0 chain mail.
  2054 | D:2      | 2054 ||| READING scroll labelled FUSEOKA MURI.
  2055 | D:2      | 2055 ||| READING scroll labelled ICWIS YKUSO.
  2056 | D:2      | 2056 ||| READING scroll labelled XAIS SEILEI.
  2057 | D:2      | 2057 ||| READING scroll labelled BOIWA MOLO.
  2060 | D:2      | 2060 ||| DRINKING 2 sapphire potions.
  2061 | D:2      | 2061 ||| READING 2 scrolls of identify.
  2061 | D:2      | 2061 ||| IDENTIFYING glowing pink potion
  2062 | D:2      | 2062 ||| DROPPING potion of lignification.
  2218 | D:3      | 2218 ||| Stepping ~*~*~tactically~*~*~ (stealth).
  2219 | D:3      | 2219 ||| Stepping ~*~*~tactically~*~*~ (stealth).
  2238 | D:3      | Found a runed translucent door.
  2240 | D:3      | 2240 ||| Stepping ~*~*~tactically~*~*~ (stealth).
  2245 | D:3      | 2245 ||| Stepping ~*~*~tactically~*~*~ (stealth).
  2248 | D:3      | 2248 ||| Stepping ~*~*~tactically~*~*~ (stealth).
  2249 | D:3      | 2249 ||| Stepping ~*~*~tactically~*~*~ (stealth).
  2277 | D:3      | Reached XP level 4. HP: 32/35 MP: 5/5
  2284 | D:3      | 2284 ||| Stepping ~*~*~tactically~*~*~ (stealth).
  2362 | D:3      | 2362 ||| Stepping ~*~*~tactically~*~*~ (stealth).
  2377 | D:3      | 2377 ||| FLEEEEING.
  2378 | D:3      | 2378 ||| FLEEEEING.
  2379 | D:3      | 2379 ||| FLEEEEING.
  2380 | D:3      | 2380 ||| FLEEEEING.
  2381 | D:3      | 2381 ||| FLEEEEING.
  2382 | D:3      | 2382 ||| FLEEEEING.
  2383 | D:3      | 2383 ||| FLEEEEING.
  2384 | D:3      | 2384 ||| FLEEEEING.
  2385 | D:3      | 2385 ||| FLEEEEING.
  2386 | D:3      | 2386 ||| FLEEEEING.
  2389 | D:3      | HP: 3/35 [hobgoblin/+0 hand axe (9)]
  2462 | D:3      | 2462 ||| FLEEEEING.
  2463 | D:3      | 2463 ||| STAIRDANCE
  2686 | D:3      | Reached skill level 1 in Armour
  2703 | D:3      | 2703 ||| Stepping ~*~*~tactically~*~*~ (stealth).
  2718 | D:3      | Noticed qw's ghost (amateur TeWr)
  2770 | D:3      | Noticed a black bear
  2782 | D:3      | HP: 8/35 [black bear (7)]
  2782 | D:3      | Slain by a black bear

Levels and vault maps discovered:
D:1:      ldierk_walled_garden, layout_basic
D:2:      layout_rooms, shapermc_ecumenical_altar_mp_urbaneastern,
          kennysheep_flooded_box, kennysheep_donut
D:3:      layout_basic, ebering_ghost_sewer_f, minmay_crystal_water,
          uniq_natasha, uniq_grinder

Skill      XL: |  1  2  3  4 |
---------------+-------------+-----
Unarmed Combat | 1 2 3 |  3.7
Fighting       | 1 |  1.0
Armour         | 1 |  1.0
Dodging        | |  1.7
Stealth        | |  2.1
Spellcasting   | |  1.7
Conjurations   | |  0.7
Fire Magic     | |  2.4

Action                   |  1- 3 |  4- 6 || total
-------------------------+-------+-------++-------
Melee: Unarmed           |   135 |    37 ||   172
  Use: Scroll            |     8 |       ||     8
       Potion            |     1 |       ||     1
Armor: Robe              |    22 |       ||    22
       Plate armour      |     2 |    34 ||    36
Dodge: Dodged            |    66 |     7 ||    73

Table legend:
 A = Non-vault XP
 B = Vault XP
 C = Vault XP percentage of total XP
 D = Non-vault monster count
 E = Vault monster count
 F = Vault count percentage of total count
                 A         B        C        D         E       F
            +---------+---------+-------+---------+---------+-------
      Total |     117 |       0 |   0.0 |      49 |       0 |   0.0
            +---------+---------+-------+---------+---------+-------
        D:1 |      38 |       0 |   0.0 |      24 |       0 |   0.0
        D:2 |      32 |       0 |   0.0 |      13 |       0 |   0.0
        D:3 |      47 |       0 |   0.0 |      12 |       0 |   0.0
            +---------+---------+-------+---------+---------+-------
